 Dungeon Crawl Stone Soup version 0.27-a0-1200-g94dc6ad4cf (webtiles) character file.

Game seed: 374409770306888210

9 ZeeToo the Slasher (level 2, -6/16 HPs)
             Began as a Vine Stalker Monk on May 31, 2021.
             Mangled by Terence
             ... wielding a +1 falchion of protection
              (10 damage)
             ... on level 2 of the Dungeon.
             The game lasted 00:01:20 (217 turns).

ZeeToo the Slasher (Vine Stalker Monk)               Turns: 217, Time: 00:01:20

Health: -6/16      AC:  2    Str: 13    XL:     2   Next: 12%
Magic:  0/3        EV: 12    Int: 10    God:
Gold:   15         SH:  0    Dex: 16    Spells: 1/1 levels left

rFire    . . .     SeeInvis .   a - +0 falchion
rCold    . . .     Faith    .   (no shield)
rNeg     . . .     Spirit   +   b - +0 robe
rPois    .         Reflect  .   (no helmet)
rElec    .         Harm     .   (no cloak)
rCorr    .         Rampage  .   (no gloves)
Will     .....                  (no boots)
Stlth    ++........             (no amulet)
HPRegen  0.05/turn              (no ring)
MPRegen  0.08/turn              (no ring)

@: no status effects
A: fangs 2, magic shield, antimagic bite, no potion heal 2
a: no special abilities


You were on level 2 of the Dungeon.
You visited 1 branch of the dungeon, and saw 2 of its levels.

You collected 15 gold pieces.

Inventory:

Hand Weapons
 a - a +0 falchion (weapon)
Armour
 b - a +0 robe (worn)


   Skills:
 - Level 2.6 Fighting
 + Level 3.2 Long Blades
 - Level 2.4 Dodging
 - Level 2.4 Stealth


You had one spell level left.
You didn't know any spells.
Your spell library was empty.

Dungeon Overview and Level Annotations

Branches:
Dungeon (1/15)

Altars:

Annotations:
D:2 Terence


Innate Abilities, Weirdness & Mutations

You have extremely sharp teeth.
When hurt, damage is shared between your health and your magic reserves.
Your bite disrupts and absorbs the magic of your enemies.
Potions cannot restore your health.


Message History

You bite the dart slug, but do no damage.
The dart slug is heavily wounded.
The dart slug bites you.
You hit the dart slug.
You kill the dart slug!
You have reached level 2!
A bat comes into view.
The bat hits you but does no damage.
You miss the bat. The bat closely misses you.
You hit the bat.
The bat is heavily wounded.
The bat hits you but does no damage. The bat barely misses you.
The bat misses you.
You closely miss the bat. Your bite misses the bat.
The bat is heavily wounded.
The bat hits you but does no damage. The bat barely misses you.
You closely miss the bat. You bite the bat, but do no damage.
The bat is heavily wounded.
The bat hits you but does no damage. The bat hits you.
The bat barely misses you.
You hit the bat but do no damage.
The bat is heavily wounded.
The bat hits you but does no damage. The bat closely misses you.
You hit the bat.
You kill the bat!
Terence the Incautious comes into view.
He is wielding a +1 falchion of protection.
Unknown command.
Terence shouts!
You hear a shout!
You hit Terence but do no damage. You bite Terence, but do no damage.
Terence drinks a potion.
Terence goes berserk!
You closely miss Terence. Terence barely misses you.
You riposte.
You hit Terence but do no damage. You bite Terence, but do no damage.
You barely miss Terence. Your bite misses Terence.
Terence hits you with a +1 falchion of protection.
Terence hits you with a +1 falchion of protection!
You closely miss Terence.
Terence hits you with a +1 falchion of protection!
Ouch! That really hurt!
You die...

##########
#........#####
#...............
#........####...
#.....†..#
#.#####.##
#..####..##
##........#
#.@.♣♣♣..# #.@♣#
#♣.. ##.♣ .##
#.♣ .. #.. ..#
#.. .## ###


You could see Terence (berserk).

Vanquished Creatures
  A dart slug (D:2)
  2 bats
  A goblin (D:1)
  A frilled lizard (D:1)
  2 rats (D:1)
7 creatures vanquished.

Notes
Turn   | Place    | Note
-------+----------+-------------------------------------------
     0 | D:1      | ZeeToo the Vine Stalker Monk began the quest for the Orb.
     0 | D:1      | Reached XP level 1. HP: 11/11 MP: 2/2
    75 | D:1      | Reached skill level 3 in Long Blades
   184 | D:1      | You fall into a shaft and drop 1 floor!
   193 | D:2      | Reached XP level 2. HP: 16/16 MP: 1/3
   210 | D:2      | Noticed Terence
   217 | D:2      | Mangled by Terence

Illustrated notes

Levels and vault maps discovered:
D:1:      dpeg_arrival_shrine, layout_basic, serial_shops,
          nicolae_shop_competitors_out_of_business, minmay_pentomino_u2
D:2:      layout_rooms, hellmonk_ecumenical_altar_zigzags,
          minmay_stone_trees_small, uniq_terence

Skill      XL: |  1 |
---------------+----+-----
Long Blades    | 3 |  3.2
Fighting       | |  2.6
Dodging        | |  2.4
Stealth        | |  2.4

Action                   || total
-------------------------++-------
Melee: Falchion          ||    21
       Bite              ||     6
 Stab: Sleeping          ||     3
Armor: Robe              ||     7
Dodge: Dodged            ||    12
       Rpst.: Falchion   ||     1

Table legend: (Time is in decaauts)
 A = Elapsed time spent in this place.
 B = Non-inter-level travel time spent in this place.
 C = Inter-level travel time spent in this place.
 D = Time resting spent in this place.
 E = Time spent auto-exploring this place.
 F = Levels seen in this place.
 G = Mean time per level.
                   A        B        C        D        E       F      G
               +--------+--------+--------+--------+--------+-----+--------+
         Total |    219 |    219 |      0 |      0 |    154 |   2 |  109.5 |
       Dungeon |    219 |    219 |      0 |      0 |    154 |   2 |  109.5 |
               +--------+--------+--------+--------+--------+-----+--------+

Top non-repeatable levels by time:
     D:1: 185 daAuts
     D:2: 34 daAuts
